 Dungeon Crawl Stone Soup version 0.20-a0-1074-g6a0a8e1 (webtiles) character file.

287 Alarkh the Chopper (level 6, 48/48 HPs)
             Began as a Demonspawn Monk on Apr 29, 2017.
             Quit the game on level 2 of the Dungeon.
             The game lasted 00:02:29 (3235 turns).

Alarkh the Chopper (Demonspawn Monk)                Turns: 3235, Time: 00:02:30

Health: 48/48      AC:  6    Str: 12    XL:     6   Next: 8%
Magic:  6/6        EV: 13    Int: 13    God:
Gold:   89         SH:  0    Dex: 15    Spells: 5/5 levels left

rFire    . . .     SeeInvis .   e - +2 hand axe (chop)
rCold    + + .     Gourm    .   (no shield)
rNeg     . . .     Faith    .   b - +0 robe
rPois    .         Spirit   .   j - +2 hat
rElec    .         Reflect  .   i - +0 cloak (curse)
rCorr    .         Harm     .   (no gloves)
MR       +....                  (no boots)
Stlth    ++........             (no amulet)
Regen    0.2/turn               f - ring of protection from cold
MPRegen  0.1/turn               r - ring of protection from magic

@: no status effects
A: talons 1, rugged brown scales 1, cold resistance 1
a: no special abilities


You were on level 2 of the Dungeon.
You were not hungry.

You visited 1 branch of the dungeon, and saw 2 of its levels.

You collected 89 gold pieces.

Inventory:

Hand Weapons
 a - a +0 hand axe
 e - a +2 hand axe of chopping (weapon)
Armour
 b - a +0 robe (worn)
 i - a cursed +0 cloak (worn)
 j - a +2 hat (worn)
Jewellery
 d - an uncursed amulet of harm
 f - a ring of protection from cold (left hand)
 r - a ring of protection from magic (right hand)
Wands
 p - a wand of paralysis (2/24)
Scrolls
 h - a scroll of teleportation
 k - 2 scrolls of remove curse {unknown}
 m - a scroll of fog {unknown}
 n - 2 scrolls of enchant weapon {unknown}
 q - a scroll of immolation {unknown}
Books
 g - a book of Minor Magic

   Spells                             Type                      Level
   a - Magic Dart                     Conjuration                  1
   b - Blink                          Translocation                2
   c - Call Imp                       Summoning                    2
   d - Slow                           Hexes                        2
   e - Conjure Flame                  Conjuration/Fire             3
   f - Mephitic Cloud                 Conjuration/Poison/Air       3
Comestibles
 c - 2 bread rations
 l - a chunk of flesh
 o - a royal jelly


   Skills:
 - Level 3.0 Fighting
 + Level 6.2 Axes
 - Level 2.6 Dodging
 - Level 1.7 Stealth


You had 5 spell levels left.
You didn't know any spells.

Dungeon Overview and Level Annotations

Branches:
Dungeon (2/15)

Altars:


Innate Abilities, Weirdness & Mutations

You have sharp toenails.
You are partially covered in rugged brown scales. (AC +1, +3% HP)
Your flesh is cold resistant. (rC+)


Message History

An adder is nearby!
You barely miss the adder.
The adder hisses angrily.
The adder closely misses you. The adder misses you.
You hit the adder. You claw the adder, but do no damage.
The adder is lightly wounded.
The adder bites you but does no damage.
You slash the adder!
You kill the adder!
No target in view!
No target in view!
No target in view!
No target in view!
No target in view!
No target in view!
No target in view!
No target in view!
No target in view!
Done exploring.
Are you sure you want to abandon this character and quit the game? (Confirm with "yes".)

#....)).....###.##.#.####.##
#####.#............#..[.#.#.
#.##........##.####.#.#.
#.##........##......#.#.
#.#########.##.######.## #.#
#.##.......... #.#
#.############ #.#########.#
#......@....# ###########.#
###


There were no monsters in sight!

Vanquished Creatures
  Sigmund (D:2)
  Terence (D:2)
  4 adders (D:2)
  3 gnolls (D:2)
  An ooze (D:1)
  A worm (D:2)
  A dart slug (D:2)
  2 bats
  2 giant cockroaches (D:1)
  5 hobgoblins
  2 kobolds
  2 quokkas (D:2)
  4 frilled lizards
  6 goblins
  2 rats
37 creatures vanquished.

Notes
Turn   | Place    | Note
-------+----------+-------------------------------------------
     0 | D:1      | Alarkh the Demonspawn Monk began the quest for the Orb.
     0 | D:1      | Reached XP level 1. HP: 18/18 MP: 1/1
   160 | D:1      | Reached skill level 3 in Axes
   451 | D:1      | Gained mutation: You have sharp toenails. [demonic ancestry]
   451 | D:1      | Reached XP level 2. HP: 22/24 MP: 2/2
  1392 | D:2      | Reached XP level 3. HP: 29/29 MP: 3/3
  1645 | D:2      | Reached skill level 4 in Axes
  2017 | D:2      | Gained mutation: Your flesh is cold resistant. (rC+) [demonic ancestry]
  2017 | D:2      | Reached XP level 4. HP: 11/35 MP: 4/4
  2273 | D:2      | Noticed Terence
  2295 | D:2      | Killed Terence
  2610 | D:2      | Reached skill level 5 in Axes
  2798 | D:2      | Noticed Sigmund
  2818 | D:2      | Killed Sigmund
  2818 | D:2      | Reached skill level 6 in Axes
  2818 | D:2      | Reached XP level 5. HP: 26/41 MP: 5/5
  2818 | D:2      | Gained mutation: You are partially covered in rugged brown scales. (AC +1, +3% HP) [demonic ancestry]
  2818 | D:2      | Reached XP level 6. HP: 26/48 MP: 6/6
  3235 | D:2      | Quit the game

Vault maps used:
D:1:      lightli_arrival_chessboard, serial_co_window_serial,
          co_window_corner_a, co_window_corner_a, co_window_corner_a,
          co_window_paths_a, co_window_cross_1, co_window_2corner,
          co_window_broadway_b, co_window_broadway_a, co_window_2corner,
          glass_columns_b, glass_columns_c
D:2:      grunt_decor_cap, roderic_lattice_a, uniq_sigmund, uniq_terence

Skill      XL: |  1  2  3  4 |
---------------+-------------+-----
Axes           | 3 4 6 |  6.2
Fighting       | |  3.0
Dodging        | |  2.6
Stealth        | |  1.7

Action                   |  1- 3 |  4- 6 || total
-------------------------+-------+-------++-------
Melee: Hand axe          |   110 |    66 ||   176
       Kick              |    22 |    18 ||    40
Evoke: Wand              |     4 |     1 ||     5
  Use: Scroll            |     2 |       ||     2
       Potion            |     3 |       ||     3
 Stab: Sleeping          |     3 |     1 ||     4
       Paralysed         |     8 |     8 ||    16
  Eat: Chunk             |     3 |     4 ||     7
Armor: Robe              |    18 |    10 ||    28
       Skin              |    36 |       ||    36
Dodge: Dodged            |    57 |    33 ||    90
